 Dungeon Crawl Stone Soup version 0.31-a0-1144-g99969ba1bc (webtiles) character file.

Game seed: 5297160157091116994

1995 Milesaru the Scholar of Death (level 9, -2/57 HPs)
             Began as a Demonspawn Necromancer on Dec 6, 2023.
             Was a Follower of Kikubaaqudgha.
             Slain by a vampire
             ... wielding the staff "Imanuxum" {rC+ Str+3 Ice}
              (4 damage)
             ... on level 7 of the Dungeon.
             The game lasted 00:40:45 (7425 turns).

Milesaru the Scholar of Death (DsNe)                Turns: 7425, Time: 00:40:46

Health: -2/57      AC:  9    Str:  8    XL:     9   Next: 1%
Magic:  17/18      EV: 14    Int: 21    God:    Kikubaaqudgha [*.....]
Gold:   212        SH:  0    Dex: 19    Spells: 5/21 levels left

rFire   . . .        D - +2 dagger (drain)
rCold   . . .        (no shield)
rNeg    + . .        G - +1 robe {rN+}
rPois   .            (helmet restricted)
rElec   .            (no cloak)
rCorr   +            (no gloves)
SInv    .            t - +2 pair of boots
Will    .....        j - amulet of regeneration
Stlth   ++           g - +6 ring of dexterity
HPRegen 1.09/turn    n - ring of resist corrosion
MPRegen 0.16/turn

%: no passive effects
@: animating dead, hasted, very quick
A: horns 2, slimy green scales 2, spiny 1
a: Renounce Religion, Unearth Wretches


You were on level 7 of the Dungeon.
You worshipped Kikubaaqudgha.
Kikubaaqudgha was aware of your devotion.
You visited 2 branches of the dungeon, and saw 9 of its levels.

You collected 360 gold pieces.
You spent 148 gold pieces at shops.

Inventory:

Hand Weapons
 D - a +2 dagger of draining (weapon)
 F - a +3 hand axe of flaming
Missiles
 h - 3 curare-tipped darts
 u - 8 poisoned darts
Armour
 r - an orb of mayhem
 t - a +2 pair of boots (worn)
 G - a +1 robe of positive energy (worn)
Jewellery
 g - a +6 ring of dexterity (left hand)
 j - an amulet of regeneration (around neck)
 n - a ring of resist corrosion (right hand)
 H - an amulet of faith
Wands
 p - a wand of flame (1)
 y - a wand of polymorph (3)
 z - a wand of digging (2)
Scrolls
 d - 3 scrolls of teleportation
 i - a scroll of poison
 l - a scroll of amnesia
 q - a scroll of immolation
 s - a scroll of torment
 v - a scroll of enchant armour
 w - a scroll of blinking {unknown}
 A - a scroll of enchant weapon
 B - 2 scrolls of vulnerability {unknown}
 C - 3 scrolls of identify
 E - a scroll of summoning
 I - a scroll of fog {unknown}
Potions
 a - a potion of mutation {unknown}
 b - 4 potions of magic
 c - a potion of resistance {unknown}
 e - 3 potions of brilliance
 f - a potion of heal wounds
 k - a potion of haste
 m - 2 potions of enlightenment
 o - a potion of might {unknown}
 x - 2 potions of invisibility


   Skills:
 - Level 0.1 Throwing
 * Level 4.4 Dodging
 + Level 2.3 Stealth
 + Level 6.5 Spellcasting
 * Level 10.0 Necromancy
 - Level 1.0 Evocations


You had 5 spell levels left.
You knew the following spells:

 Your Spells              Type           Power      Damage    Failure   Level
a - Necrotise             Necr           100%       1d9       1%          1
b - Vampiric Draining     Necr           48%        2d9       1%          3
c - Animate Dead          Necr           48%        N/A       1%          4
d - Agony                 Necr           48%        N/A       4%          5
e - Kiss of Death         Conj/Necr      100%       2d13      1%          1
f - Sublimation of Blood  Necr           48%        N/A       1%          2

Your spell library contained the following spells:

 Spells                   Type           Power      Damage    Failure   Level
 Apportation              Tloc           12%        N/A       10%         1
 Summon Small Mammal      Summ           24%        N/A       10%         1
 Animate Armour           Summ/Erth      12%        N/A       67%         4
 Summon Lightning Spire   Summ/Air       6%         N/A       67%         4
 Lee's Rapid Deconstruct  Erth           3%         3d5*      95%         5


Dungeon Overview and Level Annotations

Branches:
Dungeon (8/15)             Temple (1/1) D:6
   Lair: D:8-11

Altars:
Ashenzari
Fedhas
Gozag
Hepliaklqana
Kikubaaqudgha
Makhleb
Nemelex Xobeh
Okawaru
Qazlal
Ru
Sif Muna
Trog
Uskayaw
Vehumet
Wu Jian
Yredelemnul

Shops:
D:6 [[?[[   D:8 (

Annotations:
D:7 2 transporters


Innate Abilities, Weirdness & Mutations

You have a pair of horns on your head.
You are mostly covered in slimy green scales. (AC +3)
You are partially covered in sharp spines.


Message History

The vampire is moderately damaged.
The vampire casts a spell at you. You resist with some effort.
Aiming: Throw Flame
Press: ? - help, Shift-Dir - straight line, f/p - vampire
Aim: a vampire, wielding the staff "Imanuxum" {rC+ Str+3 Ice} (moderately damaged, 68% to hit)
The puff of flame misses the vampire.
The vampire hits you but does no damage.
The vampire freezes you. The vampire bites you.
Aiming: Throw Flame
Press: ? - help, Shift-Dir - straight line, f/p - vampire
Aim: a vampire, wielding the staff "Imanuxum" {rC+ Str+3 Ice} (moderately damaged, 68% to hit)
The puff of flame hits the vampire.
The vampire is heavily damaged.
The vampire barely misses you. The vampire bites you.
The vampire draws strength from your injuries!
Aiming: Throw Flame
Press: ? - help, Shift-Dir - straight line, f/p - vampire
Aim: a vampire, wielding the staff "Imanuxum" {rC+ Str+3 Ice} (moderately damaged, 68% to hit)
The puff of flame misses the vampire.
The vampire hits you but does no damage.
The vampire freezes you.
The vampire bites you but does no damage.
You closely miss the vampire. Your headbutt misses the vampire.
The vampire is moderately damaged.
The vampire mumbles some strange words.
The vampire flickers and vanishes!
Deactivating autopickup; reactivate with Ctrl-A.
You closely miss something. You headbutt something. Something hits you.
Something bites you!
Something draws strength from your injuries!
You hit something but do no damage. Your headbutt misses something.
Something hits you!
* * * LOW HITPOINT WARNING * * *
Something barely misses you.
You feel yourself speed up. Something hits you!
* * * LOW HITPOINT WARNING * * *
Something bites you.
You die...
Kikubaaqudgha rasps: "You have failed me!
Welcome... death!"

###### ##.## ..Z..#
#############Z#Z###### ...#.#
#............###.....#
.#.#.#####...........## ##.##.#
.(...........#######..###.###.#
##.#.#.................#.## #.#
##.#.#........######...)### #.#
##.#.##.#........(........###.#
..............>{@###.#.#.#Z##.##
####.##.#.....##.# #.#.........#
#.......##.#.###.###.#.#.#.##Z.#
#.#.#...##.#.........#....###..#
#..###..##.#..##.##..#(#.####..##
#.#.#...##....##.##..#.....##...#
.....#.###....##.##..#.....###..#
#.#.##.# ##..##...##.#.......#...
#.#.##.# ##.#..~..#.#........#.#


There were no monsters in sight!

Vanquished Creatures
  2 water moccasins
  2 black bears
  An orc warrior (D:8)
  2 ice beasts
  An ogre (D:7)
  A phantom (D:6)
  2 centaurs
  3 bullfrogs
  3 scorpions
  2 jellies (D:7)
  An orc priest (D:5)
  2 hounds
  3 iguanas
  A sleepcap (D:5)
  An orc wizard (D:8)
  4 gnolls (D:4)
  9 adders
  A white imp (D:7)
  4 ufetubi (D:6)
  A worm (D:2)
  A dart slug (D:2)
  21 orcs
  9 endoplasms
  5 giant cockroaches
  9 goblins
  4 hobgoblins
  2 jackals (D:1)
  7 kobolds
  6 quokkas
  9 ball pythons
  2 bats
  6 frilled lizards
  2 rats
129 creatures vanquished.

Vanquished Creatures (collateral kills)
  A water moccasin (D:7)
  Blork the orc (D:6)
  A shadow imp (D:7)
  A worm (D:2)
  A goblin (D:1)
  A kobold (D:2)
6 creatures vanquished.

Vanquished Creatures (others)
  A centaur zombie (D:8)
  A bullfrog zombie (D:8)
  An orc zombie (D:8)
  A quokka zombie (D:5)
4 creatures vanquished.

Grand Total: 139 creatures vanquished

Notes
Turn   | Place    | Note
-------+----------+-------------------------------------------
     0 | D:1      | Milesaru the Demonspawn Necromancer began the quest for the
                  | Orb.
     0 | D:1      | Reached XP level 1. HP: 13/13 MP: 3/3
   171 | D:1      | Gained mutation: You are partially covered in sharp spines.
                  | [demonic ancestry]
   171 | D:1      | Reached XP level 2. HP: 19/19 MP: 1/5
   308 | D:1      | Reached skill level 5 in Necromancy
   808 | D:1      | Reached XP level 3. HP: 24/24 MP: 1/6
  1559 | D:2      | Reached XP level 4. HP: 30/30 MP: 2/8
  1710 | D:2      | Learned a level 3 spell: Vampiric Draining
  2071 | D:3      | Noticed a water moccasin
  2077 | D:3      | Killed a water moccasin
  2078 | D:3      | Reached skill level 6 in Necromancy
  2078 | D:3      | Reached XP level 5. HP: 24/35 MP: 1/10
  2183 | D:3      | Found a stormy altar of Qazlal.
  2235 | D:3      | Found a shimmering blue altar of Sif Muna.
  2749 | D:3      | Found a hide-covered altar of Uskayaw.
  2907 | D:4      | Gained mutation: You are partially covered in slimy green
                  | scales. (AC +2) [demonic ancestry]
  2907 | D:4      | Reached XP level 6. HP: 41/41 MP: 3/11
  3036 | D:4      | Learned a level 4 spell: Animate Dead
  3175 | D:4      | Found a radiant altar of Vehumet.
  3354 | D:4      | Found a burning altar of Makhleb.
  3425 | D:4      | Found an iron altar of Okawaru.
  3426 | D:4      | You fall into a shaft and drop 3 floors!
  3530 | D:7      | Noticed a water moccasin
  3563 | D:7      | Reached skill level 7 in Necromancy
  3602 | D:6      | Found a staircase to the Ecumenical Temple.
  3611 | Temple   | Entered the Ecumenical Temple
  3618 | Temple   | Became a worshipper of Kikubaaqudgha
  3646 | D:6      | Noticed a water moccasin
  3659 | D:6      | Killed a water moccasin
  3660 | D:6      | Gained mutation: You have a pair of small horns on your
                  | head. [demonic ancestry]
  3660 | D:6      | Reached XP level 7. HP: 46/46 MP: 8/13
  3827 | D:6      | Found Goysotz's Magic Scroll Shop.
  3831 | D:6      | Bought a scroll of enchant weapon for 82 gold pieces
  3831 | D:6      | Bought a scroll of identify for 22 gold pieces
  3831 | D:6      | Bought a scroll of identify for 22 gold pieces
  3831 | D:6      | Bought a scroll of identify for 22 gold pieces
  3938 | D:6      | Found Lolydef's Armour Boutique.
  4029 | D:6      | Found Vylojame's Antique Armour Shoppe.
  4048 | D:5      | Entered Level 5 of the Dungeon
  4436 | D:5      | Reached skill level 8 in Necromancy
  4794 | D:5      | Reached skill level 5 in Spellcasting
  4856 | D:5      | Learned a level 5 spell: Agony
  5299 | D:5      | Gained mutation: You are mostly covered in slimy green
                  | scales. (AC +3) [demonic ancestry]
  5299 | D:5      | Reached XP level 8. HP: 52/52 MP: 10/15
  5462 | D:6      | Noticed Blork the orc
  5694 | D:6      | Killed Blork the orc
  5695 | D:6      | Reached skill level 9 in Necromancy
  5752 | D:6      | Found Hentepent's Antique Armour Shoppe.
  5936 | D:6      | Found Rusmenn's Armour Emporium.
  6232 | D:7      | Reached skill level 1 in Evocations
  6499 | D:7      | Reached * piety under Kikubaaqudgha
  6499 | D:7      | Received a gift from Kikubaaqudgha
  6874 | D:7      | Found a transporter.
  6878 | D:7      | Found an ornate altar of the Wu Jian Council.
  6878 | D:7      | Found a transporter.
  6880 | D:7      | Noticed an efreet
  6880 | D:7      | Noticed a troll
  6881 | D:7      | Noticed a manticore
  6883 | D:7      | Noticed a komodo dragon
  6954 | D:7      | Learned a level 1 spell: Kiss of Death
  6957 | D:7      | Learned a level 2 spell: Sublimation of Blood
  7173 | D:8      | Found Futzis's Weapon Boutique.
  7307 | D:8      | Noticed a cyclops
  7312 | D:8      | Reached skill level 10 in Necromancy
  7312 | D:8      | Gained mutation: You have a pair of horns on your head.
                  | [demonic ancestry]
  7312 | D:8      | Reached XP level 9. HP: 39/57 MP: 4/18
  7312 | D:8      | Noticed a white ugly thing
  7343 | D:8      | Identified the staff "Imanuxum" {rC+ Str+3 Ice}
  7425 | D:7      | HP: 2/57 [something (9)]
  7425 | D:7      | Slain by a vampire

Illustrated notes

Levels and vault maps discovered:
D:1:      minmay_arrival_open_corners, layout_loops_ring
D:2:      layout_rooms
D:3:      layout_loops_ring, mainiacjoe_overflow_small_starburst,
          mainiacjoe_overflow_catwalk, lemuel_doored_altar, solitary_fountain
D:4:      layout_rooms, nicolae_vehumet_altar_sigil,
          mainiacjoe_overflow_surrounded_room, lemuel_tele_altar
D:5:      layout_loops_cross, tso_metal_star
D:6:      layout_loops_ring, minmay_temple_entry_gardened_gates, serial_shops,
          nicolae_shop_behind_doors, shop, shop, nicolae_shop_behind_doors,
          shop, uniq_blork_the_orc
D:7:      layout_loops_ring, gammafunk_temple_overflow_arena,
          amcnicky_mini_pool_small
D:8:      minmay_the_grid_octo_tiled_squarecenter
          [minmay_the_grid_octo_checkerflower, minmay_the_grid_octo_checkered,
          minmay_the_grid_octo_odd_swirl, minmay_the_grid_octo_tetromino_candy,
          minmay_the_grid_square_5x5_megaprize_crossed,
          minmay_the_grid_square_5x5_minibox, minmay_the_grid_square_5x5_meh,
          minmay_the_grid_square_5x5_mess,
          minmay_the_grid_square_5x5_minivault], layout_rooms,
          nicolae_overflow_crystal_walls, gammafunk_temple_overflow_statue,
          serial_shops, shop, grunt_ogre_cave
Temple:   nicolae_temple_ecumenical_triangle

Skill      XL: |  1  2  3  4  5  6  7  8 |
---------------+-------------------------+-----
Necromancy     | 5 6 7 8 10 | 10.0
Spellcasting   | 3 4 5 6 |  6.5
Stealth        | 2 |  2.3
Dodging        | 2 3 4 |  4.4
Evocations     | 1 |  1.0
Throwing       | |  0.1

Action                     |  1- 3 |  4- 6 |  7- 9 || total
---------------------------+-------+-------+-------++-------
  Melee: Short sword       |     2 |     5 |     1 ||     8
         Dagger            |       |       |     5 ||     5
         Headbutt          |       |       |     1 ||     1
  Throw: Dart              |       |       |     2 ||     2
   Cast: Necrotise         |    64 |    80 |   124 ||   268
         Vampiric Draining |       |     1 |    14 ||    15
         Animate Dead      |       |       |     9 ||     9
 Invoke: Unearth Wretches  |       |       |     1 ||     1
  Evoke: Wand              |       |       |    25 ||    25
    Use: Scroll            |       |     8 |     6 ||    14
         Potion            |       |       |     2 ||     2
 Armour: Robe              |     7 |    30 |    76 ||   113
  Dodge: Dodged            |    11 |    39 |    52 ||   102

Table legend: (Time is in decaauts)
 A = Elapsed time spent in this place.
 B = Non-inter-level travel time spent in this place.
 C = Inter-level travel time spent in this place.
 D = Time resting spent in this place.
 E = Time spent auto-exploring this place.
 F = Levels seen in this place.
 G = Mean time per level.
                   A        B        C        D        E       F      G
               +--------+--------+--------+--------+--------+-----+--------+
         Total |   7424 |   7422 |      2 |    404 |   5180 |   9 |  824.9 |
       Dungeon |   7409 |   7407 |      2 |    404 |   5180 |   8 |  926.1 |
        Temple |     15 |     15 |      0 |      0 |      0 |   1 |   15.0 |
               +--------+--------+--------+--------+--------+-----+--------+

Top non-repeatable levels by time:
     D:7: 1181 daAuts
     D:1: 1164 daAuts
     D:6: 1129 daAuts
     D:5: 1126 daAuts
     D:4: 1007 daAuts
     D:3: 823 daAuts
     D:2: 783 daAuts
     D:8: 192 daAuts
  Temple: 15 daAuts
